 Dungeon Crawl Stone Soup version 0.21.1-1-g345015fe64 (webtiles) character file.

185 KrisztiCat the Cudgeler (level 5, -1/43 HPs)
             Began as a Barachi Berserker on June 11, 2018.
             Was a Believer of Trog.
             Slain by a gnoll
             ... wielding a +0 spear of freezing
              (2 damage)
             ... on level 3 of the Dungeon.
             The game lasted 00:09:23 (2037 turns).

KrisztiCat the Cudgeler (Barachi Berserker)         Turns: 2037, Time: 00:09:23

Health: -1/43      AC:  9    Str: 19    XL:     5   Next: 64%
Magic:  5/5        EV:  8    Int:  7    God:    Trog [**....]
Gold:   167        SH:  0    Dex: 12    Spells: 4/4 levels left

rFire    . . .     SeeInvis .   a - +0 mace
rCold    . . .     Gourm    +   (no shield)
rNeg     . . .     Faith    .   m - +0 chain mail
rPois    .         Spirit   .   (no helmet)
rElec    .         Reflect  .   (no cloak)
rCorr    .         Harm     .   (no gloves)
MR       .....                  (no boots)
Stlth    ..........             o - amulet of the gourmand
HPRegen  0.14/turn              (no ring)
MPRegen  0.09/turn              (no ring)

@: berserk cooldown, slowed, very slow
A: +LOS, swims, slowness 1, strong legs 1
a: Hop, Berserk, Trog's Hand, Burn Spellbooks, Renounce Religion


You were on level 3 of the Dungeon.
You worshipped Trog.
Trog was pleased with you.
You were not hungry.

You visited 1 branch of the dungeon, and saw 4 of its levels.

You collected 167 gold pieces.

Inventory:

Hand Weapons
 a - a +0 mace (weapon)
Armour
 b - a +0 animal skin
 m - a +0 chain mail (worn)
Jewellery
 o - an amulet of the gourmand (around neck)
Scrolls
 c - a scroll of magic mapping {unknown}
 d - 2 scrolls of identify
 e - a scroll of fear {unknown}
 h - 4 scrolls of teleportation
 l - a scroll of noise {unknown}
 n - a scroll of enchant armour {unknown}
 s - a scroll of enchant weapon {unknown}
Potions
 f - a potion of flight {unknown}
 g - a potion of berserk rage
 i - 2 potions of heal wounds {unknown}
 k - 2 potions of haste {unknown}
 p - a potion of curing {unknown}
 q - a potion of might {unknown}
 r - a potion of agility {unknown}
Comestibles
 j - 2 rations


   Skills:
 - Level 4.3 Fighting
 + Level 5.9 Maces & Flails
 - Level 3.0 Armour
 - Level 2.6 Dodging
 - Level 0.3 Stealth


You had 4 spell levels left.
You didn't know any spells.

Dungeon Overview and Level Annotations

Branches:
Dungeon (4/15)
 Temple: D:4-7

Altars:
Zin


Innate Abilities, Weirdness & Mutations

Shadows flee at your approach. (+LOS)
You can swim through water.
You cover ground slowly.
You can hop short distances.


Message History

The gnoll hits you but does no damage.
The gnoll hits you from afar with a spear.
The gnoll hits you but does no damage. The gnoll barely misses you.
The gnoll hits you but does no damage.
The gnoll hits you from afar with a spear.
The gnoll hits you but does no damage. x2
You hit the gnoll.
The gnoll is heavily wounded.
The gnoll completely misses you. The gnoll barely misses you.
The gnoll hits you with a spear of freezing!
* * * LOW HITPOINT WARNING * * *
The gnoll freezes you.
* * * LOW HITPOINT WARNING * * *
The gnoll closely misses you.
It was a potion of berserk rage.
You're still recovering from your berserk rage.
The gnoll hits you with a spear of freezing!
* * * LOW HITPOINT WARNING * * *
The gnoll freezes you.
You die...

#########..#.....
......!....#.#
...........#
####l.###..####
.....####....# ##
#........## ..
.....###.#go.# ..
### #..#g#.## #.
#.##@#..# .. ..
#.##.##.###### .o.
#.##..#.#.....
.... #.###)#.#.#
.....#.###...#.#
###.#.....#.#####
.....####..#.....#
#.##### #..#####.#
#. #..#.# #.#


You could see 2 gnolls and an orc.

Vanquished Creatures
  An orc priest (D:3)
  An orc wizard (D:3)
  An iguana (D:3)
  A gnoll (D:3)
  4 adders
  An ooze (D:1)
  A worm (D:2)
  A dart slug (D:2)
  2 orcs (D:3)
  A bat skeleton (D:2)
  3 giant cockroaches (D:1)
  5 goblins
  4 hobgoblins
  3 jackals (D:1)
  2 ball pythons (D:2)
  4 bats
  2 frilled lizards (D:1)
  8 kobolds
  6 rats (D:1)
51 creatures vanquished.

Notes
Turn   | Place    | Note
-------+----------+-------------------------------------------
     0 | D:1      | KrisztiCat the Barachi Berserker began the quest for the Orb.
     0 | D:1      | Reached XP level 1. HP: 18/18 MP: 1/1
   240 | D:1      | Reached XP level 2. HP: 25/25 MP: 2/2
   633 | D:1      | Reached ** piety under Trog
   672 | D:1      | Reached XP level 3. HP: 27/30 MP: 3/3
  1011 | D:2      | Reached skill level 4 in Maces & Flails
  1018 | D:2      | Found a glowing silver altar of Zin.
  1264 | D:3      | Reached XP level 4. HP: 32/37 MP: 4/4
  2020 | D:3      | Reached skill level 5 in Maces & Flails
  2020 | D:3      | Reached XP level 5. HP: 43/43 MP: 5/5
  2037 | D:3      | HP: 1/43 [gnoll/spear of freezing (7)]
  2037 | D:3      | Slain by a gnoll

Skill      XL: |  1  2  3  4 |
---------------+-------------+-----
Fighting       | 4 |  4.3
Maces & Flails | 4 5 |  5.9
Armour         | 3 |  3.0
Dodging        | |  2.6
Stealth        | |  0.3

Action                   |  1- 3 |  4- 6 || total
-------------------------+-------+-------++-------
Melee: Mace              |    99 |    58 ||   157
Invok: Berserk           |       |     1 ||     1
       Trog's Hand       |       |     1 ||     1
  Use: Scroll            |       |     4 ||     4
       Potion            |       |     1 ||     1
 Stab: Sleeping          |     1 |       ||     1
  Eat: Chunk             |     2 |     6 ||     8
       Ration            |       |     1 ||     1
Armor: Animal skin       |    13 |       ||    13
       Chain mail        |    45 |    50 ||    95
Dodge: Dodged            |    61 |    42 ||   103
